 Dungeon Crawl Stone Soup version 0.32-a0-918-g0f22ef8d61 (console) character file.

Game seed: 13241981673034184433

11243 jejorda2 the Spear-Bearer (level 11, 0/89 HPs)
             Began as a Gnoll Berserker on Apr 10, 2024.
             Was an Elder of Trog.
             Succumbed to orange demon's concentrated venom
             ... on level 8 of the Dungeon.
             The game lasted 00:28:30 (7714 turns).

jejorda2 the Spear-Bearer (Gnoll Berserker)         Turns: 7714, Time: 00:28:33

Health: 0/89       AC: 25    Str: 23    XL:     11   Next: 74%
Magic:  21/21      EV: 10    Int: 10    God:    Trog [****..]
Gold:   650        SH:  0    Dex: 11    Spells: 23/23 levels left

rFire   + . .        a - +2 spear (heavy)
rCold   + . .        m - orb {light}
rNeg    + . .        I - +0 crystal plate armour
rPois   +            (no helmet)
rElec   .            y - scarf {rC+ rF+}
rCorr   .            B - +1 pair of gloves {Str+3}
SInv    .            f - +2 pair of boots of Hiqeros {rPois rN+ Int+2}
Will    .....        t - amulet of faith Stlth
                     z - ring of flight
HPRegen 0.34/turn    h - +5 ring of evasion
MPRegen 0.17/turn

%: faith
@: lethally poisoned (0 -> -53), weakened, on berserk cooldown, flying, slowed,
glowing, very slow
A: fangs 1, strong nose, distributed training
a: Renounce Religion, Berserk, Trog's Hand, Brothers in Arms


You were on level 8 of the Dungeon.
You worshipped Trog.
Trog was greatly pleased with you.
You visited 1 branch of the dungeon, and saw 8 of its levels.
You also visited: Ossuary and Bailey.

You collected 1738 gold pieces.
You spent 1088 gold pieces at shops.

Inventory:

Hand Weapons
 a - a +2 heavy spear (weapon)
 b - the +11 sling "Assir" {speed, rElec rF- MP-9 Dex+5}
   (You took it off an orc warrior on level 7 of the Dungeon)

   Dex+5:     It affects your dexterity (+5).
   rF-:       It makes you vulnerable to fire.
   rElec:     It insulates you from electricity.
   MP-9:      It affects your magic capacity (-9).
 v - a +0 glaive
Missiles
 i - 18 poisoned darts (quivered)
 D - a boomerang
Armour
 f - the +2 pair of boots of Hiqeros (worn) {rPois rN+ Int+2}
   (You bought it in a shop on level 6 of the Dungeon)

   Int+2:     It affects your intelligence (+2).
   rPois:     It protects you from poison.
   rN+:       It protects you from negative energy.
 m - an orb of light (worn)
 y - a scarf of resistance (worn)
 B - a +1 pair of gloves of strength (worn)
 I - a +0 crystal plate armour (worn)
Jewellery
 h - a +5 ring of evasion (right hand)
 t - an amulet of faith (around neck)
 z - a ring of flight (left hand)
Wands
 r - a wand of iceblast (7)
 s - a wand of mindburst (8)
 F - a wand of charming (14)
Scrolls
 c - a scroll of identify
 k - 2 scrolls of teleportation
 A - a scroll of revelation
 C - 6 scrolls of enchant armour
 E - 2 scrolls of immolation
 G - 4 scrolls of enchant weapon
 H - a scroll of brand weapon
Potions
 d - 2 potions of curing
 g - 4 potions of might
 j - 2 potions of heal wounds
 o - 5 potions of enlightenment
 p - 2 potions of attraction
 u - 2 potions of mutation
 w - 2 potions of cancellation
 x - 3 potions of haste


   Skills:
 + Level 9.5 Fighting
 + Level 6.8 Short Blades
 + Level 6.8 Long Blades
 + Level 6.8 Axes
 + Level 6.8 Maces & Flails
 + Level 9.5 Polearms
 + Level 6.8 Staves
 + Level 6.8 Ranged Weapons
 + Level 6.8 Throwing
 + Level 8.3 Armour
 + Level 8.3 Dodging
 + Level 6.8 Stealth
 + Level 6.8 Shields
 + Level 6.8 Unarmed Combat
 + Level 6.8 Spellcasting
 + Level 5.6 Conjurations
 + Level 5.6 Hexes
 + Level 5.6 Summonings
 + Level 5.6 Necromancy
 + Level 5.6 Translocations
 + Level 5.6 Fire Magic
 + Level 5.6 Ice Magic
 + Level 5.6 Air Magic
 + Level 5.6 Earth Magic
 + Level 5.6 Alchemy
 + Level 7.5 Invocations
 + Level 6.8 Evocations
 + Level 6.2 Shapeshifting


You had 23 spell levels left.
You didn't know any spells.
Your spell library was empty.

Dungeon Overview and Level Annotations

Branches:
Dungeon (8/15)             Temple (0/1) D:5         Ossuary (visited)
 Bailey (visited)
   Lair: D:8-11

Altars:
Ashenzari
Dithmenos
Fedhas
Gozag
Kikubaaqudgha
Uskayaw

Shops:
D:2 (   D:5 [=*!   D:6 [([   D:7 :


Innate Abilities, Weirdness & Mutations

You have very sharp teeth.
Your uncanny sense of smell can sniff out nearby items.
Your experience applies equally to all skills.


Message History

The orange demon hits you but does no damage.
An orc comes into view. It is wielding a +0 mace.
The orc shouts!
You hit the orange demon.
The orange demon is lightly wounded.
You feel very sick.
You hear a shout! x2
You puncture the orange demon!
The orange demon is moderately wounded.
You feel sick.
The orange demon stings you but does no damage.
The orange demon hits you but does no damage.
The orange demon stings you.
* * * LOW HITPOINT WARNING * * *
The orange demon hits you but does no damage.
An orc comes into view. It is wielding a +0 short sword.
An orc comes into view. It is wielding a +0 flail.
You puncture the orange demon! You bite the orange demon!
The orange demon is severely wounded.
You feel sick.
You puncture the orange demon! You bite the orange demon.
The orange demon is almost dead.
You feel sick. The orange demon stings you.
* * * LOW HITPOINT WARNING * * *
You are lethally poisoned!
You have difficulty breathing.
* * * LOW HITPOINT WARNING * * *
You feel as though you will be slow longer.
The orange demon hits you but does no damage.
The orange demon stings you but does no damage.
The orange demon hits you.
* * * LOW HITPOINT WARNING * * *
You feel your attacks grow feeble.
You puncture the orange demon!
You kill the orange demon!
Trog accepts your kill.
You are no longer berserk.
You are exhausted.
You feel as though you will be slow longer.
You die...

#..... #...#.
####...#. ##........
.......... #
##........ #.
####.).## ..##..####
##....(.. .......@.#
###......##
......##.#
#.......... .....
#)# #.#...####.
..o..###.#####.##.##
#.
.........!........#
#.
....6..........####
#. ....####)#######
#. .. #.# #. #.# #.


You could see an orc.

Vanquished Creatures
  A boulder beetle (D:7)
  2 two-headed ogres
  Amaemon (D:8)
  An orc knight (Bailey)
  An ugly thing (D:7)
  A cyclops (D:7)
  An orange demon (D:8)
  2 gargoyles (D:7)
  A hornet (D:8)
  A shadow (D:7)
  A yak (D:7)
  2 wraiths (D:7)
  A steam dragon (D:7)
  A vampire mosquito (D:7)
  5 water moccasins
  3 sky beasts (D:7)
  3 ice beasts
  4 orc warriors
  3 black bears
  2 centaurs (D:6)
  2 phantoms
  2 kobold brigands
  A bullfrog (D:7)
  A gnoll sergeant (D:7)
  12 scorpions
  4 elf skeletons (D:5)
  2 killer bees (D:7)
  A howler monkey (D:7)
  2 bombardier beetles (D:7)
  7 centaur zombies (Ossuary)
  A gnoll bouda (D:5)
  3 human zombies (Ossuary)
  6 hounds
  3 jellies
  3 orc priests
  Terence (D:2)
  4 human skeletons (D:5)
  8 iguanas
  2 sleepcaps (D:7)
  4 orc wizards
  7 scorpion zombies (Ossuary)
  3 mummies (Ossuary)
  6 adders
  A gnoll (D:5)
  A shadow imp (D:7)
  3 white imps (D:7)
  4 ufetubi
  3 dart slugs (D:2)
  4 ribbon worms
  36 orcs
  3 bats
  4 endoplasms
  3 giant cockroaches
  11 goblins
  4 hobgoblins
  12 kobolds
  4 quokkas
  5 ball pythons
  2 ball python zombies (Ossuary)
  A frilled lizard (D:1)
  A gnoll zombie (Ossuary)
  2 orc skeletons (D:5)
  3 orc zombies
  3 rats
232 creatures vanquished.

Vanquished Creatures (collateral kills)
  2 orc knights (Bailey)
  2 orc warriors (Bailey)
  2 orcs (Bailey)
6 creatures vanquished.

Grand Total: 238 creatures vanquished

Notes
Turn   | Place    | Note
-------+----------+-------------------------------------------
     0 | D:1      | jejorda2 the Gnoll Berserker began the quest for the Orb.
     0 | D:1      | Reached XP level 1. HP: 23/23 MP: 1/1
    88 | D:1      | Reached XP level 2. HP: 24/29 MP: 2/2
   473 | D:2      | Reached XP level 3. HP: 35/35 MP: 2/4
   544 | D:2      | Identified the +3 ring mail of Charity {Int+4}
   716 | D:2      | Noticed Terence
   738 | D:2      | Killed Terence
   739 | D:2      | Reached skill level 1 in Short Blades
   739 | D:2      | Reached skill level 1 in Long Blades
   739 | D:2      | Reached skill level 1 in Axes
   739 | D:2      | Reached skill level 1 in Maces & Flails
   739 | D:2      | Reached skill level 1 in Staves
   739 | D:2      | Reached skill level 1 in Ranged Weapons
   739 | D:2      | Reached skill level 1 in Throwing
   739 | D:2      | Reached skill level 1 in Stealth
   739 | D:2      | Reached skill level 1 in Shields
   739 | D:2      | Reached skill level 1 in Unarmed Combat
   739 | D:2      | Reached skill level 1 in Spellcasting
   739 | D:2      | Reached skill level 1 in Invocations
   739 | D:2      | Reached skill level 1 in Evocations
   739 | D:2      | Reached skill level 1 in Shapeshifting
   739 | D:2      | Reached XP level 4. HP: 36/41 MP: 5/5
   853 | D:2      | Found Wef Luha's Antique Weapon Emporium.
  1014 | D:2      | Reached skill level 1 in Conjurations
  1014 | D:2      | Reached skill level 1 in Hexes
  1014 | D:2      | Reached skill level 1 in Summonings
  1014 | D:2      | Reached skill level 1 in Necromancy
  1014 | D:2      | Reached skill level 1 in Translocations
  1014 | D:2      | Reached skill level 1 in Fire Magic
  1014 | D:2      | Reached skill level 1 in Ice Magic
  1014 | D:2      | Reached skill level 1 in Air Magic
  1014 | D:2      | Reached skill level 1 in Earth Magic
  1014 | D:2      | Reached skill level 1 in Alchemy
  1247 | D:3      | Reached ** piety under Trog
  1619 | D:3      | Found a broken altar of Ashenzari.
  1709 | D:3      | Noticed a phantom
  1720 | D:3      | Killed a phantom
  1721 | D:3      | Reached XP level 5. HP: 47/47 MP: 5/7
  2408 | D:4      | Reached XP level 6. HP: 49/53 MP: 8/8
  2414 | D:4      | Reached skill level 5 in Armour
  2414 | D:4      | Reached skill level 5 in Dodging
  2563 | D:4      | Found a shadowy altar of Dithmenos.
  2645 | D:4      | Found an opulent altar of Gozag.
  2968 | D:5      | Entered Level 5 of the Dungeon
  2973 | D:5      | Noticed an ice beast
  2993 | D:5      | Killed an ice beast
  3028 | D:5      | Reached XP level 7. HP: 21/60 MP: 10/10
  3142 | D:5      | Found Mioxuij's Antique Armour Shoppe.
  3241 | D:5      | Reached XP level 8. HP: 67/67 MP: 12/12
  3284 | D:5      | Found a sand-covered staircase.
  3292 | D:5      | Reached *** piety under Trog
  3295 | Ossuary  | Entered an ossuary
  3610 | Ossuary  | Reached XP level 9. HP: 72/73 MP: 14/14
  3964 | D:5      | Found a staircase to the Ecumenical Temple.
  4041 | D:5      | Found Jarogoc's Jewellery Shoppe.
  4131 | D:5      | Reached **** piety under Trog
  4159 | D:5      | Found a blossoming altar of Fedhas.
  4160 | D:5      | Found an ancient bone altar of Kikubaaqudgha.
  4181 | D:5      | Found Tuebbol's Distillery.
  4187 | D:5      | Bought a potion of degeneration for 15 gold pieces
  4270 | D:5      | Found Nada's Assorted Antiques.
  4275 | D:5      | Bought a scroll labelled BUANIO ZARHE for 23 gold pieces
  4574 | D:5      | Bought a pair of runed gloves for 225 gold pieces
  4593 | D:6      | Found Luteefev's Armour Shoppe.
  4593 | D:6      | Found Molirch's Antique Weapon Boutique.
  4665 | D:6      | Reached skill level 5 in Invocations
  4997 | D:6      | Noticed a two-headed ogre
  5011 | D:6      | Killed a two-headed ogre
  5012 | D:6      | Reached skill level 5 in Short Blades
  5012 | D:6      | Reached skill level 5 in Long Blades
  5012 | D:6      | Reached skill level 5 in Axes
  5012 | D:6      | Reached skill level 5 in Maces & Flails
  5012 | D:6      | Reached skill level 5 in Staves
  5012 | D:6      | Reached skill level 5 in Ranged Weapons
  5012 | D:6      | Reached skill level 5 in Throwing
  5012 | D:6      | Reached skill level 5 in Stealth
  5012 | D:6      | Reached skill level 5 in Shields
  5012 | D:6      | Reached skill level 5 in Unarmed Combat
  5012 | D:6      | Reached skill level 5 in Spellcasting
  5012 | D:6      | Reached skill level 5 in Evocations
  5012 | D:6      | Reached XP level 10. HP: 50/82 MP: 9/17
  5129 | D:6      | Found Biwu's Armour Shop.
  5253 | D:7      | Identified a scroll of acquirement
  5253 | D:7      | Acquired 1109 gold pieces
  5278 | D:7      | Found a hide-covered altar of Uskayaw.
  5342 | D:7      | Found a flagged portal.
  5353 | Bailey   | Entered a bailey
  5473 | Bailey   | Noticed an orc knight
  5510 | Bailey   | Killed an orc knight
  5535 | Bailey   | Reached skill level 5 in Shapeshifting
  5719 | Bailey   | Noticed an orc knight
  5719 | Bailey   | Noticed an orc knight
  5732 | Bailey   | Killed an orc knight
  5737 | Bailey   | Killed an orc knight
  6158 | D:7      | Noticed a gargoyle
  6167 | D:7      | Killed a gargoyle
  6168 | D:7      | Reached skill level 5 in Conjurations
  6168 | D:7      | Reached skill level 5 in Hexes
  6168 | D:7      | Reached skill level 5 in Summonings
  6168 | D:7      | Reached skill level 5 in Necromancy
  6168 | D:7      | Reached skill level 5 in Translocations
  6168 | D:7      | Reached skill level 5 in Fire Magic
  6168 | D:7      | Reached skill level 5 in Ice Magic
  6168 | D:7      | Reached skill level 5 in Air Magic
  6168 | D:7      | Reached skill level 5 in Earth Magic
  6168 | D:7      | Reached skill level 5 in Alchemy
  6168 | D:7      | Reached XP level 11. HP: 75/89 MP: 16/20
  6234 | D:7      | Noticed a cyclops
  6272 | D:7      | Killed a cyclops
  6374 | D:7      | Noticed a brown ugly thing
  6378 | D:7      | Identified the +11 sling "Assir" {speed, rElec rF- MP-9
                  | Dex+5}
  6378 | D:7      | Identified the amulet "Rawn" {Harm rPois Will++ Regen+}
  6390 | D:7      | Killed a brown ugly thing
  6470 | D:7      | Noticed a boulder beetle
  6487 | D:7      | Killed a boulder beetle
  6887 | D:7      | Found Xoekh's Tiny Tomes.
  7384 | D:6      | Bought the +2 pair of boots of Hiqeros {rPois rN+ Int+2}
                  | for 409 gold pieces
  7432 | D:6      | Bought a scarf of resistance for 416 gold pieces
  7522 | D:8      | Noticed a two-headed ogre
  7528 | D:8      | Killed a two-headed ogre
  7685 | D:8      | Noticed Amaemon
  7708 | D:8      | Killed Amaemon
  7714 | D:8      | Succumbed to orange demon's concentrated venom

Illustrated notes

Levels and vault maps discovered:
D:1:      giann_forest_graveyard, layout_rooms, skrybe_limestone_x
D:2:      layout_basic, serial_shops, nicolae_diamond_shop, uniq_terence
D:3:      layout_loops_corners, mainiacjoe_overflow_alcove_1
D:4:      layout_loops_ring, nicolae_overflow_hidden_temple,
          grunt_dithmenos_smoke
D:5:      layout_cave_pools, grunt_temple_overflow_growth_and_decay,
          minmay_temple_entry_statues, serial_bayou, serial_bayou_lagoon_b,
          serial_bayou_pond_a, serial_bayou_ford_a, serial_bayou_lake_a,
          serial_bayou_pond_b, serial_shops, shop, shop, kennysheep_little_box,
          shop, nicolae_ossuary_entry_catacombs
D:6:      layout_rooms, serial_shops, shop, shop, nicolae_lakefront_shop
D:7:      minmay_the_grid_octo_tiled_squarecenter
          [minmay_the_grid_octo_checkered, minmay_the_grid_octo_empty,
          minmay_the_grid_octo_pinwheel, minmay_the_grid_octo_clover,
          minmay_the_grid_square_5x5_megaprize_open,
          minmay_the_grid_square_5x5_tri_point,
          minmay_the_grid_square_5x5_half_checkered,
          minmay_the_grid_square_5x5_eight, minmay_the_grid_square_5x5_six],
          layout_gridville, mainiacjoe_overflow_chevrons, enter_bailey_3,
          nicolae_shop_i_like_small_books_too, lemuel_flame_loot_1
D:8:      layout_loops_ring, uniq_amaemon, uniq_joseph

Skill      XL: |  1  2  3  4  5  6  7  8  9 10 11 |
---------------+----------------------------------+-----
Short Blades   | 1 2 3 5 6 |  6.8
Long Blades    | 1 2 3 5 6 |  6.8
Axes           | 1 2 3 5 6 |  6.8
Maces & Flails | 1 2 3 5 6 |  6.8
Staves         | 1 2 3 5 6 |  6.8
Ranged Weapons | 1 2 3 5 6 |  6.8
Throwing       | 1 2 3 5 6 |  6.8
Stealth        | 1 2 3 5 6 |  6.8
Shields        | 1 2 3 5 6 |  6.8
Unarmed Combat | 1 2 3 5 6 |  6.8
Spellcasting   | 1 2 3 5 6 |  6.8
Invocations    | 1 2 3 4 5 6 7 |  7.5
Evocations     | 1 2 3 5 6 |  6.8
Shapeshifting  | 1 2 3 4 5 6 |  6.2
Conjurations   | 1 2 3 4 5 |  5.6
Hexes          | 1 2 3 4 5 |  5.6
Summonings     | 1 2 3 4 5 |  5.6
Necromancy     | 1 2 3 4 5 |  5.6
Translocations | 1 2 3 4 5 |  5.6
Fire Magic     | 1 2 3 4 5 |  5.6
Ice Magic      | 1 2 3 4 5 |  5.6
Air Magic      | 1 2 3 4 5 |  5.6
Earth Magic    | 1 2 3 4 5 |  5.6
Alchemy        | 1 2 3 4 5 |  5.6
Armour         | 5 6 7 8 |  8.3
Dodging        | 5 6 7 8 |  8.3
Fighting       | 7 8 9 |  9.5
Polearms       | 7 8 9 |  9.5

Action                     |  1- 3 |  4- 6 |  7- 9 | 10-12 || total
---------------------------+-------+-------+-------+-------++-------
  Melee: Spear             |    69 |   187 |   367 |   328 ||   951
         Bite              |     7 |    10 |    65 |    48 ||   130
   Fire: Sling             |       |       |       |    15 ||    15
  Throw: Dart              |       |       |       |    13 ||    13
 Invoke: Berserk           |       |     2 |       |     6 ||     8
         Trog's Hand       |       |     1 |     3 |     5 ||     9
         Brothers in Arms  |       |       |       |     2 ||     2
    Use: Scroll            |       |     2 |     6 |    13 ||    21
 Armour: Animal skin       |     9 |       |       |       ||     9
         Ring mail         |     8 |     6 |       |       ||    14
         Plate armour      |       |    61 |   235 |    66 ||   362
         Crystal plate arm |       |       |       |   205 ||   205
  Dodge: Dodged            |    17 |    73 |   205 |   153 ||   448
  Block: Other             |     6 |     5 |       |       ||    11
         Reflection        |       |     1 |       |       ||     1

Table legend: (Time is in decaauts)
 A = Elapsed time spent in this place.
 B = Non-inter-level travel time spent in this place.
 C = Inter-level travel time spent in this place.
 D = Time resting spent in this place.
 E = Time spent auto-exploring this place.
 F = Levels seen in this place.
 G = Mean time per level.
                   A        B        C        D        E       F      G
               +--------+--------+--------+--------+--------+-----+--------+
         Total |   7758 |   7198 |    560 |    268 |   4832 |  10 |  775.8 |
       Dungeon |   6559 |   5999 |    560 |     83 |   4388 |   8 |  819.9 |
       Ossuary |    587 |    587 |      0 |     36 |    244 |   1 |  587.0 |
        Bailey |    611 |    611 |      0 |    148 |    199 |   1 |  611.0 |
               +--------+--------+--------+--------+--------+-----+--------+

Top non-repeatable levels by time:
     D:7: 1528 daAuts
     D:5: 1101 daAuts
     D:3: 978 daAuts
     D:6: 812 daAuts
     D:2: 775 daAuts
     D:4: 726 daAuts
  Bailey: 611 daAuts
 Ossuary: 587 daAuts
     D:1: 446 daAuts
     D:8: 189 daAuts
